 Dungeon Crawl Stone Soup version 0.21.1-1-g345015f (webtiles) character file.

72 inc the Conjurer (level 4, 2/18 HPs)
             Began as a Felid Wizard on Feb 27, 2018.
             Was a Follower of Elyvilon.
             Quit the game on level 5 of the Dungeon.
             The game lasted 00:11:40 (5136 turns).

inc the Conjurer (Felid Wizard)                     Turns: 5136, Time: 00:11:41

Health: 2/18       AC:  1    Str:  3    XL:     4   Next: 6%
Magic:  2/9        EV: 17    Int: 20    God:    Elyvilon [*.....]
Gold:   156        SH:  0    Dex: 14    Spells: 8/9 levels left
                                        Lives:  0   Deaths: 1

rFire    . . .     SeeInvis +   (weapon unavailable)
rCold    . . .     Gourm    .   (shield unavailable)
rNeg     . . .     Faith    .   (armour unavailable)
rPois    .         Spirit   .   (helmet unavailable)
rElec    .         Reflect  .   (cloak unavailable)
rCorr    .         Harm     .   (gloves unavailable)
MR       .....                  (boots unavailable)
Stlth    ++++......             (no amulet)
HPRegen  0.06/turn              e - ring of stealth (curse)
MPRegen  0.11/turn              (no ring)

@: quick
A: very small, no armour, no weapons or thrown items, stealth, claws 1, fangs 3,
see invisible, carnivore, speed 1, shaggy fur 1, slow metabolism 1, sharp paws
a: Lesser Healing, Divine Protection, Renounce Religion


You were on level 5 of the Dungeon.
You worshipped Elyvilon.
Elyvilon was aware of your devotion.
You were not hungry.

You visited 1 branch of the dungeon, and saw 6 of its levels.

You collected 156 gold pieces.

Inventory:

Jewellery
 e - a cursed ring of stealth (left paw)
 p - an uncursed ring of fire {unknown}
Scrolls
 c - 5 scrolls of remove curse {unknown}
 d - 2 scrolls of teleportation {unknown}
 f - 2 scrolls of amnesia {unknown}
 i - 3 scrolls of enchant weapon {unknown}
 j - 4 scrolls of identify {unknown}
 k - a scroll of immolation {unknown}
 l - a scroll of enchant armour {unknown}
 m - a scroll of fog {unknown}
Potions
 g - 5 potions of curing {unknown}
 h - a potion of haste {unknown}
 n - a potion of magic {unknown}
 o - a potion of agility {unknown}
Books
 a - a book of Minor Magic

   Spells                             Type                      Level
   a - Magic Dart                     Conjuration                  1
   b - Blink                          Translocation                2
   c - Call Imp                       Summoning                    2
   d - Slow                           Hexes                        2
   e - Conjure Flame                  Conjuration/Fire             3
   f - Mephitic Cloud                 Conjuration/Poison/Air       3
Comestibles
 b - 7 rations


   Skills:
 - Level 2.6 Dodging
 - Level 2.6 Stealth
 - Level 3.0 Spellcasting
 - Level 3.4 Conjurations
   Level 1.0 Summonings
   Level 1.5 Translocations
 + Level 2.8 Invocations


You had 8 spell levels left.
You knew the following spells:

 Your Spells              Type           Power        Failure   Level  Hunger
a - Magic Dart            Conj           ###.         3%          1    None


Dungeon Overview and Level Annotations

Branches:
Dungeon (6/15)             Temple (0/1) D:6

Altars:
Elyvilon
Fedhas
Gozag

Annotations:
D:3 Sigmund
D:4 Edmund; letownia2's ghost, amateur GnSk


Innate Abilities, Weirdness & Mutations

You cannot wear armour.
You are incapable of wielding weapons or throwing items.
Your paws allow you to move quietly. (Stealth)
You have sharp claws.
You have razor-sharp teeth.
You have supernaturally acute eyesight. (SInv)
You are carnivorous and can eat meat at any time.
You cover ground quickly.
You are covered in fur. (AC +1)
You have a slow metabolism.
Your sharp claws are effective at attacking unaware monsters.


Message History

You barely miss the gnoll. The gnoll misses you.
You scratch the gnoll.
The gnoll is lightly wounded.
The gnoll hits you with a flail.
You barely miss the gnoll.
The gnoll is lightly wounded.
Okay, then.
You scratch the gnoll.
The gnoll is moderately wounded.
The gnoll misses you.
You scratch the gnoll.
The gnoll is heavily wounded.
The gnoll hits you with a flail.
You scratch the gnoll.
The gnoll is heavily wounded.
The gnoll hits you with a flail!
* * * LOW HITPOINT WARNING * * *
Okay, then.
Okay, then.
Are you sure you want to abandon this character and quit the game? (Confirm with "yes".)

... ...#
.?#..## #.#
#...# #..#
...## ..#
#..## ##.#
##... ####.#
#...< #@g.Z##
#...^ ####a.##
##..#. ##..##
###.....
##..###.......
#..#...####..
##a...## ##$
#..### .. #..#
. #..# _


You could see a worker ant, a gnoll and a quokka zombie.

Vanquished Creatures
  A jelly (D:3)
  4 adders
  An ooze (D:1)
  An adder skeleton (D:4)
  2 dart slugs
  6 orcs
  2 giant cockroaches
  5 goblins
  4 hobgoblins
  4 jackals (D:4)
  A quokka (D:4)
  A ball python (D:1)
  8 bats
  3 frilled lizards
  A giant cockroach zombie (D:6)
  5 kobolds
  4 rats
53 creatures vanquished.

Notes
Turn   | Place    | Note
-------+----------+-------------------------------------------
     0 | D:1      | inc the Felid Wizard began the quest for the Orb.
     0 | D:1      | Reached XP level 1. HP: 7/7 MP: 5/5
    69 | D:1      | Reached skill level 1 in Conjurations
   459 | D:1      | Reached XP level 2. HP: 11/11 MP: 0/7
  1222 | D:2      | Found a blossoming altar of Fedhas.
  1272 | D:2      | Found a white marble altar of Elyvilon.
  1326 | D:2      | Became a worshipper of Elyvilon the Healer
  1609 | D:2      | Reached XP level 3. HP: 14/14 MP: 1/8
  2424 | D:2      | Reached * piety under Elyvilon
  3050 | D:3      | Reached skill level 1 in Invocations
  3050 | D:3      | Reached XP level 4. HP: 18/18 MP: 2/9
  3904 | D:3      | Noticed Sigmund
  4188 | D:4      | Reached ** piety under Elyvilon
  4244 | D:4      | Noticed Edmund
  4289 | D:5      | Entered Level 5 of the Dungeon
  4397 | D:6      | Found a staircase to the Ecumenical Temple.
  4421 | D:6      | Noticed an orc warrior
  4963 | D:4      | Noticed letownia2's ghost (amateur GnSk)
  5068 | D:4      | Killed from afar by an orc priest
  5069 | D:4      | Reached XP level 3. HP: -2/14 MP: 8/8
  5100 | D:5      | Reached XP level 4. HP: 18/18 MP: 6/9
  5110 | D:5      | Found an opulent altar of Gozag.
  5136 | D:5      | Quit the game

Skill      XL: |  1  2  3  4 |
---------------+-------------+-----
Conjurations   | 1 2 3 |  3.4
Invocations    | 1 2 |  2.8
Dodging        | |  2.6
Stealth        | |  2.6
Spellcasting   | |  3.0
Summonings     | |  1.0
Translocations | |  1.5

Action                   |  1- 3 |  4- 6 || total
-------------------------+-------+-------++-------
Melee: Unarmed           |    13 |    21 ||    34
       Bite              |     1 |       ||     1
 Cast: Magic Dart        |   102 |    84 ||   186
Invok: Heal Other        |       |     5 ||     5
       Lesser Healing    |       |     4 ||     4
 Stab: Sleeping          |     2 |       ||     2
  Eat: Chunk             |     2 |     7 ||     9
Armor: Skin              |     5 |     2 ||     7
Dodge: Dodged            |    31 |    38 ||    69
